 Dungeon Crawl Stone Soup version 0.24-a0-584-g9d6b971 (webtiles) character file.

Game seed: 12223674916653962312, levelgen mode: deterministic

20525 lileebee the Slicer (level 12, -6/97 HPs)
             Began as a Minotaur Fighter on Sept 1, 2019.
             Was a High Priest of Okawaru.
             Killed from afar by an orc sorcerer (11 damage)
             ... with a bolt of fire
             ... on level 1 of the Orcish Mines on Sept 2, 2019.
             The game lasted 02:37:15 (17146 turns).

lileebee the Slicer (Minotaur Fighter)             Turns: 17146, Time: 02:37:16

Health: -6/97      AC: 25    Str: 32    XL:     12   Next: 46%
Magic:  12/12      EV: 10    Int:  6    God:    Okawaru [*****.]
Gold:   1761       SH:  6    Dex: 13    Spells: 10/11 levels left

rFire    . . .     SeeInvis .   O - +11 short sword "Zegitusk" {drain, rN+}
rCold    . . .     Gourm    .   P - +0 buckler
rNeg     + . .     Faith    .   V - +3 plate armour of Insecurity {Str+3 Dex+2}
rPois    +         Spirit   .   (helmet restricted)
rElec    .         Reflect  .   b - +2 cloak
rCorr    .         Harm     .   B - +2 pair of gloves
MR       .....                  (no boots)
Stlth    ..........             Z - amulet of magic regeneration
HPRegen  0.26/turn              v - ring of poison resistance
MPRegen  0.38/turn              a - +5 ring of strength

@: lightly drained
A: retaliatory headbutt, horns 2, frail 1
a: Heroism, Finesse, Renounce Religion


You were on level 1 of the Orcish Mines.
You worshipped Okawaru.
Okawaru was extremely pleased with you.
You were not hungry.

You visited 3 branches of the dungeon, and saw 14 of its levels.
You also visited: Ice Cave.

You collected 1761 gold pieces.

Inventory:

Hand Weapons
 e - a +2 dagger of venom
 i - a +0 whip of venom
 j - a +0 war axe of electrocution
 l - a +0 trident of flaming
 p - the +6 short sword of Wyrd {vamp, Stlth+}
   (Okawaru gifted it to you on level 1 of the Orcish Mines)

   It inflicts no extra harm, but heals its wielder when it wounds a living foe.
   It makes you more stealthy.
 q - a +2 dagger of speed
 s - a +4 flail of protection
 x - a +6 club of draining
 C - a +0 shortbow
 D - a +0 whip of freezing
 I - a +0 scimitar of flaming
 K - a +1 spear of venom
 N - a +2 dagger of distortion
 O - the +11 short sword "Zegitusk" (weapon) {drain, rN+}
   (You took it off a kobold on level 4 of the Dungeon)

   A truly terrible weapon, it drains the life of those it strikes.
   It protects you from negative energy.
Missiles
 c - 2 atropa-tipped darts
 k - 44 boomerangs (quivered)
 m - 7 datura-tipped darts
 n - 69 bolts
 A - 201 arrows
Armour
 b - a +2 cloak (worn)
 d - a scarf of spirit shield
 B - a +2 pair of gloves (worn)
 H - a +0 scale mail of cold resistance
 P - a +0 buckler (worn)
 Q - a +3 plate armour of fire resistance
 R - a +1 robe of magic resistance
 V - the +3 plate armour of Insecurity (worn) {Str+3 Dex+2}
   (You found it on level 9 of the Dungeon)

   It affects your strength (+3).
   It affects your dexterity (+2).
Jewellery
 a - a +5 ring of strength (right hand)
 h - a +4 ring of evasion
 v - a ring of poison resistance (left hand)
 G - an uncursed ring of flight
 U - an uncursed amulet of the acrobat
 Z - an amulet of magic regeneration (around neck)
Wands
 F - a wand of flame (14)
 W - a wand of disintegration (13)
Scrolls
 o - 3 scrolls of teleportation
 r - a scroll of identify
 J - a scroll of amnesia
 L - a scroll of enchant armour
 S - 2 scrolls of magic mapping
 T - 5 scrolls of remove curse
 X - a scroll of enchant weapon
Potions
 g - a potion of brilliance
 u - 8 potions of curing
 z - a potion of haste
 E - a potion of lignification
 Y - a potion of flight
Miscellaneous
 t - a phantom mirror
Comestibles
 f - 7 rations


   Skills:
 + Level 10.9(10.4) Fighting
 + Level 12.2(11.7) Short Blades
 + Level 4.6(5.5) Axes
 + Level 5.8(6.1) Maces & Flails
 + Level 3.2(2.8) Throwing
 + Level 12.0(11.5) Armour
 + Level 4.3(3.9) Dodging
 + Level 2.1(1.7) Stealth
 + Level 9.9(9.4) Shields
 + Level 1.5(1.1) Invocations
 + Level 0.7(0.3) Evocations


You had 10 spell levels left.
You knew the following spells:

 Your Spells              Type           Power        Failure   Level  Hunger
a - Apportation           Tloc           #.....       96%         1    ##.....

Your spell library contained the following spells:

 Spells                   Type           Power        Failure   Level  Hunger
 Animate Skeleton         Necr           N/A          96%         1    ##.....
 Confusing Touch          Hex            #.....       96%         1    ##.....
 Sting                    Conj/Pois      #...         96%         1    ##.....
 Summon Small Mammal      Summ           #...         96%         1    ##.....


Dungeon Overview and Level Annotations

Branches:
Dungeon (11/15)            Temple (1/1) D:7            Lair (0/6) D:10
    Orc (2/2) D:11            Elf (0/3) Orc:2         IceCv (visited)

Altars:
Ashenzari
Cheibriados
Dithmenos
Elyvilon
Fedhas
Gozag
Hepliaklqana
Kikubaaqudgha
Makhleb
Nemelex Xobeh
Okawaru
Qazlal
Ru
Sif Muna
Trog
Uskayaw
Vehumet
Wu Jian
Xom
Yredelemnul
Zin
The Shining One

Shops:
D:7 :   D:8 [


Innate Abilities, Weirdness & Mutations

You reflexively headbutt those who attack you in melee.
You have a pair of horns on your head.
You are frail. (-10% HP)


Message History

The orc knight hits you but does no damage.
The orc sorcerer gestures at you while chanting.
You resist with some effort.
You climb upwards.
The chaos spawn degenerates into a cloud of primal chaos!
The orc high priest shouts! x2
The orc high priest hits you but does no damage.
There is a stone staircase leading down here.
The orc priest invokes the aid of Beogh against you.
You resist with significant effort.
The orc high priest mumbles some strange prayers to Beogh. x2
The orc sorcerer casts a spell at you. The bolt of fire hits you!!
* * * LOW HITPOINT WARNING * * *
The smoke demon gestures at you. Beogh smites you!
* * * LOW HITPOINT WARNING * * *
The orc sorcerer gestures at you while chanting.
The bolt of fire hits you!
You die...

...## ##.##.#....### ..##
###.........## ..#
##.#....#4..#.# .##
#......33..#### ##
##.#....o..# ####..o..##
# ##.oo..#### #
#....#....# # #.@...#...#
# #.........#
##........## #.......###
##.......### ##...#....##
## ##### ##....##....#
.####.#.# #.....#....##
...#...#######..#....#.##


You could see 2 orc high priests, a hellwing, a smoke demon, a neqoxec, an orc
sorcerer and an orc priest.

Vanquished Creatures
  Josephine (D:11)
  Erica (D:8)
  A two-headed ogre (D:11)
  2 orc high priests
  A wizard (D:10)
  2 orc knights (Orc:2)
  3 orc sorcerers
  An ugly thing (D:10)
  A manticore (D:10)
  Maurice (D:8)
  6 trolls
  The ghost of nomadicburrito the Charmwright, an amateur GnSk (D:4)
  A hornet (D:11)
  A slime creature (D:11)
  A hippogriff (D:10)
  4 wraiths (D:11)
  A human (D:9)
  Grum (D:9)
  3 yaks (D:11)
  A steam dragon (D:11)
  7 wargs
  An acid dragon (D:10)
  A water moccasin (D:7)
  26 orc warriors
  4 ice beasts
  3 phantoms
  5 sky beasts
  10 ogres
  2 wolves (D:9)
  3 centaurs
  2 crocodiles
  2 big kobolds
  11 bullfrogs
  A wyvern skeleton (D:11)
  4 scorpions
  4 killer bees (D:11)
  3 howler monkeys
  5 crimson imps
  A centaur zombie (D:9)
  3 quasits (D:10)
  13 orc priests
  A gnoll shaman (D:7)
  2 hounds
  2 jellies
  7 bullfrog skeletons
  3 centaur skeletons
  Jessica (D:2)
  2 iguanas
  7 worker ants
  22 orc wizards
  2 hound skeletons
  A worker ant zombie (D:5)
  Robin (D:2)
  6 gnolls
  21 adders
  2 shadow imps
  12 white imps (Orc:2)
  2 oozes (D:3)
  2 adder skeletons
  An adder zombie (D:4)
  2 worms
  2 dart slugs (D:1)
  13 leopard geckos
  88 orcs
  3 ball pythons (D:3)
  A giant cockroach (D:6)
  10 hobgoblins
  16 jackals
  13 kobolds
  A quokka (D:2)
  11 bats
  5 frilled lizards
  13 goblins
  A quokka zombie (D:7)
  8 rats
  11 bushes (D:11)
  27 fungi
  4 toadstools (D:10)
471 creatures vanquished.

Vanquished Creatures (others)
  An orc priest (Orc:2)
  3 orc wizards (Orc:2)
  An orc (Orc:1)
  2 fungi (D:4)
  2 plants (D:4)
  A toadstool (D:10)
10 creatures vanquished.

Grand Total: 481 creatures vanquished

Notes
Turn   | Place    | Note
-------+----------+-------------------------------------------
     0 | D:1      | lileebee the Minotaur Fighter began the quest for the Orb.
     0 | D:1      | Reached XP level 1. HP: 19/19 MP: 0/0
   155 | D:1      | Reached XP level 2. HP: 27/27 MP: 1/1
   631 | D:1      | Reached XP level 3. HP: 33/33 MP: 2/2
   950 | D:2      | You fall into a shaft and drop 1 floor!
  1022 | D:2      | Noticed Robin
  1025 | D:2      | Killed Robin
  1025 | D:2      | Reached XP level 4. HP: 34/40 MP: 3/3
  1069 | D:2      | Noticed Jessica
  1081 | D:2      | Killed Jessica
  1982 | D:3      | Reached XP level 5. HP: 42/46 MP: 4/4
  2312 | D:3      | Reached skill level 1 in Maces & Flails
  2312 | D:3      | Reached skill level 1 in Dodging
  3239 | D:4      | Noticed an ogre
  3248 | D:4      | Killed an ogre
  3248 | D:4      | Reached skill level 5 in Armour
  3248 | D:4      | Reached XP level 6. HP: 36/53 MP: 5/5
  3284 | D:4      | Noticed a sky beast
  3301 | D:4      | Killed a sky beast
  3519 | D:4      | Reached XP level 7. HP: 60/60 MP: 6/6
  3570 | D:4      | Found a shattered altar of Ashenzari.
  3643 | D:4      | Found a runed translucent gate.
  3643 | D:4      | Noticed nomadicburrito's ghost (amateur GnSk)
  3644 | D:4      | Found a runed translucent gate.
  3646 | D:4      | Found a runed translucent gate.
  3799 | D:4      | Identified the +11 short sword "Zegitusk" {drain, rN+}
  3834 | D:4      | HP: 1/60 [nomadicburrito's ghost (3)]
  3835 | D:4      | Killed nomadicburrito's ghost
  3835 | D:4      | Reached skill level 5 in Fighting
  3835 | D:4      | Reached skill level 5 in Maces & Flails
  3835 | D:4      | Reached skill level 5 in Shields
  4451 | D:5      | Entered Level 5 of the Dungeon
  4497 | D:5      | Reached XP level 8. HP: 68/68 MP: 7/7
  4976 | D:5      | Reached skill level 1 in Short Blades
  5451 | D:6      | Reached skill level 1 in Stealth
  5495 | D:6      | Found a basalt altar of Yredelemnul.
  5829 | D:6      | Found a snail-covered altar of Cheibriados.
  6654 | D:7      | Reached skill level 5 in Short Blades
  6795 | D:7      | Reached XP level 9. HP: 63/75 MP: 8/8
  7129 | D:7      | Found Gosed's Book Emporium.
  7554 | D:7      | Found a staircase to the Ecumenical Temple.
  7560 | Temple   | Entered the Ecumenical Temple
  7973 | D:8      | Found Zaefaupey's Antique Armour Shop.
  7977 | D:8      | Noticed Maurice
  7991 | D:8      | Killed Maurice
  8128 | D:8      | Found a sparkling altar of Nemelex Xobeh.
  8149 | D:8      | Found a hide-covered altar of Uskayaw.
  8161 | D:8      | Found an iron altar of Okawaru.
  8163 | D:8      | Found an opulent altar of Gozag.
  8188 | D:8      | Became a worshipper of Warmaster Okawaru
  8253 | D:8      | Learned a level 1 spell: Apportation
  8367 | D:8      | Found a shimmering blue altar of Sif Muna.
  8406 | D:8      | Identified Sif Muna's Disquisition on Poisoning
  8640 | D:8      | Found a glowing golden altar of the Shining One.
  8699 | D:8      | Reached skill level 1 in Throwing
  8885 | D:8      | Noticed Erica
  8898 | D:8      | Killed Erica
  8898 | D:8      | Reached * piety under Okawaru
  8898 | D:8      | Reached XP level 10. HP: 77/86 MP: 9/9
  9060 | D:9      | Noticed Grum
  9071 | D:9      | Killed Grum
  9245 | D:9      | Got a warped plate armour
  9488 | D:9      | Identified the +3 plate armour of Insecurity {Str+3 Dex+2}
                  | (You found it on level 9 of the Dungeon)
  9529 | D:9      | Got a jewelled leather armour
  9572 | D:9      | Found a sacrificial altar of Ru.
  9588 | D:9      | Found a bloodstained altar of Trog.
  9858 | D:10     | Entered Level 10 of the Dungeon
  9983 | D:10     | Identified the cursed +1 leather armour "Hafi" {MR+ SInv}
                  | (You found it on level 9 of the Dungeon)
 10146 | D:10     | Found a staircase to the Lair.
 10152 | D:10     | Reached ** piety under Okawaru
 10445 | D:10     | Noticed a wizard
 10457 | D:10     | Killed a wizard
 10580 | D:10     | Reached skill level 10 in Short Blades
 10593 | D:10     | Noticed a green ugly thing
 10616 | D:10     | Killed a green ugly thing
 10616 | D:10     | Reached skill level 10 in Armour
 10624 | D:10     | Reached XP level 11. HP: 90/95 MP: 10/10
 10638 | D:10     | Reached *** piety under Okawaru
 11216 | D:11     | Reached **** piety under Okawaru
 11218 | D:11     | Noticed a two-headed ogre
 11236 | D:11     | Killed a two-headed ogre
 11667 | D:11     | Reached skill level 10 in Fighting
 11684 | D:11     | Noticed Josephine
 11690 | D:11     | Killed Josephine
 11690 | D:11     | Reached ***** piety under Okawaru
 11700 | D:11     | Found a staircase to the Orcish Mines.
 12608 | Orc:1    | Entered Level 1 of the Orcish Mines
 12645 | Orc:1    | Noticed an orc sorcerer
 12655 | Orc:1    | Noticed an orc high priest
 12656 | Orc:1    | Killed an orc sorcerer
 12673 | Orc:1    | Received a gift from Okawaru
 12721 | Orc:1    | Noticed an orc sorcerer
 12926 | Orc:1    | Killed an orc high priest
 12931 | Orc:1    | Reached XP level 12. HP: 95/107 MP: 11/11
 13061 | Orc:1    | Got an ichor-stained short sword {god gift}
 13062 | Orc:1    | Identified the +6 short sword of Wyrd {vamp, Stlth+}
                  | (Okawaru gifted it to you on level 1 of the Orcish Mines)
 13739 | Orc:2    | Entered Level 2 of the Orcish Mines
 13816 | Orc:2    | Found a frozen archway.
 13844 | IceCv    | Entered an ice cave
 14355 | Orc:2    | Identified the cursed +1 quarterstaff of the Heavens
                  | {venom, *Noise rN++}
 14380 | Orc:2    | Reached skill level 1 in Invocations
 14784 | Orc:2    | Received a gift from Okawaru
 15114 | Orc:2    | Learned a level 1 spell: Apportation
 15209 | Orc:2    | Found a staircase to the Elven Halls.
 15525 | Orc:2    | Noticed an orc high priest
 15534 | Orc:2    | Noticed an orc high priest
 15832 | Orc:2    | Gained mutation: You are frail. (-10% HP) [a neqoxec]
 15844 | Orc:2    | Killed an orc high priest
 15844 | Orc:2    | Received a gift from Okawaru
 16246 | Orc:2    | Paralysed by an orc sorcerer for 7 turns
 16364 | Orc:2    | Noticed an orc high priest
 17145 | Orc:1    | HP: 4/97 [smoke demon/divine providence[an orc high priest]
                  | (8)]
 17146 | Orc:1    | Killed from afar by an orc sorcerer

Levels and vault maps discovered:
D:1:      ebering_trefoil_twist, layout_basic, st_stairs_9
D:2:      layout_loops_ring, uniq_jessica, uniq_robin
D:3:      layout_basic, first_ration
D:4:      layout_basic, kennysheep_mini_moat, gammafunk_ghost_nasty_kobolds,
          minmay_diced_spiral
D:5:      layout_loops_ring, grunt_ministairs_8
D:6:      layout_basic, cheibrodos_worm_habitat, lemuel_doored_altar
D:7:      layout_cave_pods, minmay_temple_entry_enclosed_plants, serial_shops,
          nicolae_shop_behind_doors, hangedman_minor_gate_pass
D:8:      layout_cave_pools, led_sif_book, nemelex_xobeh_ov_fountains_minmay,
          chequers_temple_overflow_statue_of_worship,
          nicolae_tso_carved_into_rock, serial_shops, shop, special_room
          [special_room_orc], uniq_erica, uniq_maurice
D:9:      layout_cave_pools, amethyst_overflow_temple_binary, grunt_pizzeria,
          small_statue_intersection, uniq_grum
D:10:     minmay_quarter_circles, layout_rooms, minmay_gold_behind_fungi,
          lemuel_flamethrower_2
D:11:     layout_cross, david_orc_3, serial_park, serial_park_square3
          [serial_park_minivault_5x5_6], serial_park_tiny_1, serial_park_square3
          [serial_park_minivault_5x5_6], serial_park_gazebo
          [serial_park_minivault_5x5_8], minmay_misc_feat_five, uniq_josephine
Temple:   grunt_temple_mini_profane
Orc:1:    layout_diamond_mine
Orc:2:    grunt_orc_tribal_feast, layout_caves, portal_ice_cave_entry_imps,
          nicolae_orc_lava_tube, nooodl_orcs_dogs

Skill      XL: |  1  2  3  4  5  6  7  8  9 10 11 12 |
---------------+-------------------------------------+-----
Shields        | 4 5 6 7 8 9 |  9.9
Armour         | 4 5 6 7 9 10 11 12 | 12.0
Axes           | 3 4 |  4.6
Fighting       | 4 5 6 7 8 10 | 10.9
Maces & Flails | 2 4 5 |  5.8
Dodging        | 1 2 3 4 |  4.3
Short Blades   | 5 8 10 11 12 | 12.2
Stealth        | 1 2 |  2.1
Throwing       | 1 2 3 |  3.2
Invocations    | 1 |  1.5
Evocations     | |  0.7

Action                   |  1- 3 |  4- 6 |  7- 9 | 10-12 || total
-------------------------+-------+-------+-------+-------++-------
Melee: War axe           |    75 |     7 |       |       ||    82
       Headbutt          |     6 |    20 |    33 |   317 ||   376
       Club              |       |   121 |    35 |       ||   156
       Short sword       |       |       |   220 |   951 ||  1171
Throw: Boomerang         |     3 |     3 |    10 |    10 ||    26
Invok: Heroism           |       |       |       |     4 ||     4
       Finesse           |       |       |       |     2 ||     2
Evoke: Wand              |       |       |       |     6 ||     6
  Use: Scroll            |     3 |       |    10 |    22 ||    35
       Potion            |       |     1 |     7 |    17 ||    25
 Stab: Invisible         |       |       |       |     1 ||     1
  Eat: Chunk             |       |     6 |     5 |     7 ||    18
       Ration            |       |     1 |     3 |     6 ||    10
Armor: Scale mail        |    35 |    71 |    63 |    23 ||   192
       Plate armour      |       |       |    30 |   223 ||   253
Dodge: Dodged            |    38 |    72 |   134 |   375 ||   619
Block: Buckler           |     9 |    29 |    63 |   177 ||   278

Table legend:
 A = Non-vault XP
 B = Vault XP
 C = Vault XP percentage of total XP
 D = Non-vault monster count
 E = Vault monster count
 F = Vault count percentage of total count
                 A         B        C        D         E       F
            +---------+---------+-------+---------+---------+-------
      Total |   15023 |   14299 |  48.8 |     285 |     144 |  33.6
            +---------+---------+-------+---------+---------+-------
        D:1 |      42 |       6 |  12.5 |      24 |       2 |   7.7
        D:2 |      43 |      63 |  59.4 |      18 |       8 |  30.8
        D:3 |     182 |       0 |   0.0 |      34 |       0 |   0.0
        D:4 |     573 |     359 |  38.5 |      14 |      10 |  41.7
        D:5 |     539 |       4 |   0.7 |      15 |       2 |  11.8
        D:6 |     607 |       5 |   0.8 |      11 |       1 |   8.3
        D:7 |    1315 |     343 |  20.7 |      30 |       6 |  16.7
        D:8 |     418 |    1860 |  81.7 |       9 |      24 |  72.7
        D:9 |     903 |     608 |  40.2 |      12 |       4 |  25.0
       D:10 |    1222 |    3304 |  73.0 |      21 |      23 |  52.3
       D:11 |    3729 |    3710 |  49.9 |      33 |      22 |  40.0
      Orc:1 |    3060 |       0 |   0.0 |      26 |       0 |   0.0
      Orc:2 |    2390 |    4037 |  62.8 |      38 |      42 |  52.5
            +---------+---------+-------+---------+---------+-------
